 Dungeon Crawl Stone Soup version 0.29-a0-789-g7a8fcbc185 (webtiles) character file.

Game seed: 16497286119599110600

86 bande the Charlatan (level 4, -2/38 HPs)
             Began as a Gnoll Wanderer on July 2, 2022.
             Slain by Crazy Yiuf
             ... wielding a +2 quarterstaff of chaos
              (7 damage)
             ... on level 2 of the Dungeon.
             The game lasted 00:03:26 (1819 turns).

bande the Charlatan (Gnoll Wanderer)                Turns: 1819, Time: 00:03:26

Health: -2/38      AC: 11    Str: 14    XL:     4   Next: 49%
Magic:  11/11      EV:  4    Int: 10    God:
Gold:   63         SH:  0    Dex: 12    Spells: 11/13 levels left

rFire   . . .      SeeInvis .   a - +2 spear
rCold   . . .      Faith    .   (no shield)
rNeg    . . .      Spirit   .   f - +1 plate armour
rPois   .          Reflect  .   (no helmet)
rElec   .          Harm     .   (no cloak)
rCorr   .          Rampage  .   (no gloves)
Will    .....                   (no boots)
Stlth   ..........              (no amulet)
HPRegen 0.12/turn               (no ring)
MPRegen 0.12/turn               (no ring)

@: no status effects
A: fangs 1, strong nose, distributed training
a: no special abilities


You were on level 2 of the Dungeon.
You visited 1 branch of the dungeon, and saw 2 of its levels.

You collected 63 gold pieces.

Inventory:

Hand Weapons
 a - a +2 spear (weapon)
 e - a +0 sling
 h - a +0 flail
Missiles
 g - 6 boomerangs
Armour
 d - a +0 leather armour
 f - a +1 plate armour (worn)
Scrolls
 c - a scroll of fog
 j - a scroll of enchant weapon
 m - a scroll of immolation {unknown}
Potions
 i - a potion of brilliance {unknown}
 k - a potion of ambrosia {unknown}
 l - a potion of invisibility
Miscellaneous
 b - a tin of tremorstones (2/2) (quivered)


   Skills:
 + Level 4.6 Fighting
 + Level 1.2 Short Blades
 + Level 1.2 Long Blades
 + Level 1.2 Axes
 + Level 1.2 Maces & Flails
 + Level 2.8 Polearms
 + Level 1.2 Staves
 + Level 1.2 Ranged Weapons
 + Level 1.2 Throwing
 + Level 1.2 Armour
 + Level 2.8 Dodging
 + Level 1.2 Stealth
 + Level 1.2 Shields
 + Level 1.2 Unarmed Combat
 + Level 5.1 Spellcasting
 + Level 1.0 Conjurations
 + Level 1.0 Hexes
 + Level 1.0 Summonings
 + Level 1.0 Necromancy
 + Level 1.0 Translocations
 + Level 1.0 Transmutations
 + Level 1.0 Fire Magic
 + Level 1.0 Ice Magic
 + Level 1.0 Air Magic
 + Level 1.0 Earth Magic
 + Level 1.0 Poison Magic
 + Level 2.9 Invocations
 + Level 6.6 Evocations


You had 11 spell levels left.
You knew the following spells:

 Your Spells              Type           Power      Damage    Failure   Level
a - Blink                 Tloc           8%         N/A       100%        2

Your spell library contained the following spells:

 Spells                   Type           Power      Damage    Failure   Level
 Conjure Flame            Conj/Fire      4%         6-21      100%        3
 Ignite Poison            Fire/Tmut/Pois 4%         N/A       100%        3
 Sticky Flame             Conj/Fire      4%         2d3       100%        4
 Manifold Assault         Tloc           4%         N/A       100%        5
 Storm Form               Tmut/Air       2%         N/A       100%        7


Dungeon Overview and Level Annotations

Branches:
Dungeon (2/15)

Altars:
Zin

Shops:
D:2 ?*=

Annotations:
D:2 Crazy Yiuf


Innate Abilities, Weirdness & Mutations

You have very sharp teeth.
Your uncanny sense of smell can sniff out nearby items.
Your experience applies equally to all skills.


Message History

No target in view!
No target in view!
No target in view!
No target in view!
Found a hammer.
Found a runed translucent door.
Crazy Yiuf shouts!
Crazy Yiuf cries, "You leg down broken song, no?"
Crazy Yiuf cries, "You leg down broken song, no?"
Found a stone staircase leading up.
No target in view!
No target in view!
You open the large door.
There is a large open door here.
You now have 48 gold pieces (gained 12).
You now have 63 gold pieces (gained 15).
m - a scroll labelled NUASHR FI WACUD
There is a fountain of clear blue water here.
There is a large open door here.
You see here a stone.
Crazy Yiuf shouts!
Could not explore, unopened runed door.
You open the door. You hit Crazy Yiuf. Your bite misses Crazy Yiuf.
Crazy Yiuf is lightly wounded.
Crazy Yiuf hits you with a +2 quarterstaff of chaos!
You are electrocuted!
You closely miss Crazy Yiuf. You bite Crazy Yiuf, but do no damage.
Crazy Yiuf is lightly wounded.
Crazy Yiuf says, "Candle shrimp shrimp!"
Crazy Yiuf hits you with a +2 quarterstaff of chaos.
You hit Crazy Yiuf.
Crazy Yiuf is heavily wounded.
Crazy Yiuf hits you with a +2 quarterstaff of chaos.
* * * LOW HITPOINT WARNING * * *
Crazy Yiuf burns you.
* * * LOW HITPOINT WARNING * * *
You hit Crazy Yiuf but do no damage.
Crazy Yiuf is heavily wounded.
Crazy Yiuf hits you with a +2 quarterstaff of chaos!
You die...

♣...≈≈##.....###
♣....≈≈##..###
♣.....≈≈##.#
♣......≈≈#.#
#####
♣♣......≈#.#
#..)#
♣⌠♣.....≈#.#
#...#
♣♣♣♣♣♣♣.≈### ...
♣♣♣♣♣♣♣.≈# #g#
♣⌠♣.....≈# ♣♣@♣
♣♣......≈# ♣.♣♣
♣......≈≈# ♣♣.♣
♣.....≈≈## ♣.♣♣
♣....≈≈## ♣♣.♣♣
♣...≈≈## ♣...♣♣
...≈≈## ♣....♣
≈≈≈≈## #....#
##### #+..+#


You could see Crazy Yiuf.

Vanquished Creatures
  Terence (D:2)
  2 adders (D:2)
  A worm (D:2)
  A dart slug (D:1)
  6 endoplasms
  3 giant cockroaches
  2 goblins (D:2)
  4 hobgoblins
  A quokka (D:1)
  4 ball pythons
  4 bats
  3 frilled lizards
  5 kobolds
  4 rats (D:1)
41 creatures vanquished.

Notes
Turn   | Place    | Note
-------+----------+-------------------------------------------
     0 | D:1      | bande the Gnoll Wanderer began the quest for the Orb.
     0 | D:1      | bande set off with the following items: a +1 spear, a tin
                  | of tremorstones (2/2), a scroll of fog, a +0 leather
                  | armour.
     0 | D:1      | Reached XP level 1. HP: 20/20 MP: 6/6
   376 | D:1      | Reached XP level 2. HP: 24/26 MP: 7/7
   642 | D:1      | Reached skill level 5 in Spellcasting
   642 | D:1      | Reached XP level 3. HP: 31/31 MP: 7/9
   670 | D:1      | Learned a level 2 spell: Blink
  1011 | D:2      | Found a glowing silver altar of Zin.
  1160 | D:2      | Found Kuvuh's Magic Scroll Boutique.
  1167 | D:2      | Reached skill level 1 in Short Blades
  1167 | D:2      | Reached skill level 1 in Long Blades
  1167 | D:2      | Reached skill level 1 in Axes
  1167 | D:2      | Reached skill level 1 in Maces & Flails
  1167 | D:2      | Reached skill level 1 in Staves
  1167 | D:2      | Reached skill level 1 in Ranged Weapons
  1167 | D:2      | Reached skill level 1 in Throwing
  1167 | D:2      | Reached skill level 1 in Armour
  1167 | D:2      | Reached skill level 1 in Stealth
  1167 | D:2      | Reached skill level 1 in Shields
  1167 | D:2      | Reached skill level 1 in Unarmed Combat
  1270 | D:2      | Found Cuycuk's Jewellery Shoppe.
  1285 | D:2      | Reached XP level 4. HP: 38/38 MP: 11/11
  1408 | D:2      | Found Rikyl's Assorted Antiques.
  1439 | D:2      | Noticed Terence
  1455 | D:2      | Killed Terence
  1456 | D:2      | Reached skill level 1 in Conjurations
  1456 | D:2      | Reached skill level 1 in Hexes
  1456 | D:2      | Reached skill level 1 in Summonings
  1456 | D:2      | Reached skill level 1 in Necromancy
  1456 | D:2      | Reached skill level 1 in Translocations
  1456 | D:2      | Reached skill level 1 in Transmutations
  1456 | D:2      | Reached skill level 1 in Fire Magic
  1456 | D:2      | Reached skill level 1 in Ice Magic
  1456 | D:2      | Reached skill level 1 in Air Magic
  1456 | D:2      | Reached skill level 1 in Earth Magic
  1456 | D:2      | Reached skill level 1 in Poison Magic
  1603 | D:2      | Found a runed translucent door.
  1604 | D:2      | Noticed Crazy Yiuf
  1819 | D:2      | Slain by Crazy Yiuf

Illustrated notes

Levels and vault maps discovered:
D:1:      dpeg_arrival_circle_labyrinth_c, layout_basic
D:2:      layout_basic, serial_shops, shop, shop,
          nicolae_shop_temple_entry_statues_fountains, basic_altar,
          kennysheep_cross_room, grunt_ministairs_13,
          minmay_misc_feat_secret_circle, minmay_cupped,
          uniq_crazy_yiuf_cottage, uniq_terence

Skill      XL: |  1  2  3  4 |
---------------+-------------+-----
Spellcasting   | 5 |  5.1
Short Blades   | 1 |  1.2
Long Blades    | 1 |  1.2
Axes           | 1 |  1.2
Maces & Flails | 1 |  1.2
Staves         | 1 |  1.2
Ranged Weapons | 1 |  1.2
Throwing       | 1 |  1.2
Armour         | 1 |  1.2
Stealth        | 1 |  1.2
Shields        | 1 |  1.2
Unarmed Combat | 1 |  1.2
Conjurations   | 1 |  1.0
Hexes          | 1 |  1.0
Summonings     | 1 |  1.0
Necromancy     | 1 |  1.0
Translocations | 1 |  1.0
Transmutations | 1 |  1.0
Fire Magic     | 1 |  1.0
Ice Magic      | 1 |  1.0
Air Magic      | 1 |  1.0
Earth Magic    | 1 |  1.0
Poison Magic   | 1 |  1.0
Fighting       | |  4.6
Polearms       | |  2.8
Dodging        | |  2.8
Invocations    | |  2.9
Evocations     | |  6.6

Action                   |  1- 3 |  4- 6 || total
-------------------------+-------+-------++-------
Melee: Spear             |   133 |    28 ||   161
       Bite              |    11 |     4 ||    15
  Use: Scroll            |     3 |     2 ||     5
Armor: Plate armour      |    98 |    12 ||   110
Dodge: Dodged            |    19 |     6 ||    25

Table legend: (Time is in decaauts)
 A = Elapsed time spent in this place.
 B = Non-inter-level travel time spent in this place.
 C = Inter-level travel time spent in this place.
 D = Time resting spent in this place.
 E = Time spent auto-exploring this place.
 F = Levels seen in this place.
 G = Mean time per level.
                   A        B        C        D        E       F      G
               +--------+--------+--------+--------+--------+-----+--------+
         Total |   1814 |   1814 |      0 |      0 |   1489 |   2 |  907.0 |
       Dungeon |   1814 |   1814 |      0 |      0 |   1489 |   2 |  907.0 |
               +--------+--------+--------+--------+--------+-----+--------+

Top non-repeatable levels by time:
     D:1: 934 daAuts
     D:2: 879 daAuts
